 Dungeon Crawl Stone Soup version 0.31-a0-182-gc5ef74bbde (webtiles) character file.

Game seed: 18260150658683065876

544 qw the Chopper (level 7, -7/43 HPs)
             Began as a Gargoyle Fighter on June 20, 2023.
             Was an Initiate of Okawaru.
             Killed from afar by an orc wizard (12 damage)
             ... with a puff of flame
             ... on level 5 of the Dungeon.
             The game lasted 00:01:42 (3482 turns).

qw the Chopper (Gargoyle Fighter)                   Turns: 3482, Time: 00:01:42

Health: -7/43      AC: 16    Str: 21    XL:     7   Next: 27%
Magic:  7/7        EV:  8    Int:  9    God:    Okawaru [......]
Gold:   251        SH:  4    Dex:  9    Spells: 6/6 levels left

rFire   . . .        Y - +1 war axe
rCold   . . .        c - +0 buckler
rNeg    + . .        m - +0 chain mail
rPois   inf          i - +1 helmet
rElec   +            (no cloak)
rCorr   .            (no gloves)
SInv    .            (no boots)
Will    .....        g - amulet of faith Stlth
                     (no ring)
HPRegen 0.27/turn    (no ring)
MPRegen 0.10/turn

%: faith
@: no status effects
A: sickness immunity, AC +4, negative energy resistance 1, electricity
resistance, torment resistance 1, petrification resistance
a: Renounce Religion


You were on level 5 of the Dungeon.
You worshipped Okawaru.
Okawaru was noncommittal.
You visited 2 branches of the dungeon, and saw 6 of its levels.

You collected 251 gold pieces.


Innate Abilities, Weirdness & Mutations

You are immune to sickness and miasma.
Your stone body is resilient. (AC +4)
You are immune to poison.
You resist negative energy. (rN+)
You are resistant to electric shocks. (rElec)
You are resistant to unholy torment.
You are immune to petrification.


   Skills:
 - Level 4.0 Fighting
 + Level 6.3 Axes
 - Level 3.2 Armour
 - Level 1.9 Dodging
 - Level 3.2 Shields


You had 6 spell levels left.
You didn't know any spells.
Your spell library was empty.

Inventory:

Hand Weapons
 f - a +0 mace
 Y - a +1 war axe (weapon)
Armour
 c - a +0 buckler (worn)
 i - a +1 helmet (worn)
 m - a +0 chain mail (worn)
Jewellery
 b - a ring of protection from fire
 g - an amulet of faith (around neck)
Scrolls
 l - a scroll of identify
Potions
 a - 3 potions of curing {unknown}
 d - a potion of might
 e - a potion of heal wounds {unknown}
 h - a potion of attraction {unknown}

Dungeon Overview and Level Annotations

Branches:
Dungeon (5/15)             Temple (1/1) D:4

Altars:
Cheibriados
Dithmenos
Elyvilon
Gozag
Hepliaklqana
Kikubaaqudgha
Makhleb
Okawaru
Qazlal
Ru
Trog
Wu Jian
Yredelemnul
Zin
The Shining One


Message History

You hit the orc.
The orc is moderately wounded.
You miss something. The orc closely misses you.
The orc priest mumbles some strange prayers to Beogh against you.
Beogh smites you! Something hits you but does no damage.
You completely miss the orc.
The orc is moderately wounded.
You hit something but do no damage. You block the orc's attack.
The orc priest mumbles some strange prayers to Beogh against you.
Beogh smites you! Something hits you but does no damage.
The orc barely misses you.
You hear some strange, mumbled words.
Something tries to affect you, but you resist.
You slash the orc!
You kill the orc!
Okawaru accepts your kill.
You miss something.
The scorpion stings you but does no damage.
The orc priest looks braver for a moment.
Something hits you.
You barely miss the scorpion. You slash something!
The scorpion stings you but does no damage.
The orc priest casts a cantrip, but nothing happens.
Something hits you but does no damage.
You hit the scorpion but do no damage. You barely miss something.
The scorpion barely misses you. Something hits you but does no damage.
You block the scorpion's attack.
You barely miss the scorpion. You closely miss something.
Something hits you but does no damage.
The scorpion stings you but does no damage.
You hit the scorpion.
The scorpion is moderately wounded.
You hit something. The scorpion closely misses you.
You hear some strange, mumbled words.
A puff of flame appears from out of thin air!
The puff of flame hits you!
You die...

##### ....## ..>..##
###### .......# #....#
.....#.####....#########
..........(.....@so.....
....###?.##....##{...###
......%..##....# ....#
)...#.#.###....# ....#
....#.#.# ###### ....#
....#.#.# ....#
##.##...# ....#
##.###### ....# ...###


You could see a scorpion and an orc priest.

Vanquished Creatures
  A black bear (D:4)
  2 scorpions (D:4)
  2 hounds
  A gnoll bouda (D:4)
  An orc priest (D:4)
  An iguana (D:5)
  3 adders
  7 gnolls (D:4)
  An ufetubus (D:5)
  A worm (D:2)
  2 dart slugs
  8 orcs
  6 endoplasms
  4 giant cockroaches
  8 goblins
  9 hobgoblins
  4 quokkas
  6 ball pythons
  5 bats
  4 kobolds
  5 rats
  A butterfly (D:4)
82 creatures vanquished.

Notes
Turn   | Place    | Note
-------+----------+-------------------------------------------
     0 | D:1      | qw the Gargoyle Fighter began the quest for the Orb.
     0 | D:1      | Reached XP level 1. HP: 14/14 MP: 1/1
     0 | D:1      | 0 ||| qw: Version: 0.3-a-9-g12657ce
     0 | D:1      | 0 ||| qw: Game counter: 1361
     0 | D:1      | 0 ||| qw: Always use a shield: true
     0 | D:1      | 0 ||| qw: God list: Okawaru
     0 | D:1      | 0 ||| qw: Allow faded altars: false
     0 | D:1      | 0 ||| qw: Do Orc after D:15 true
     0 | D:1      | 0 ||| qw: Do second Lair branch before Depths: true
     0 | D:1      | 0 ||| qw: Lair rune preference: random
     0 | D:1      | 0 ||| qw: Plans: Normal, Zot:1-4, Slime:5, God:TSO, Crypt,
                  | Tomb, Abyss, Pan, Hells, Win
     0 | D:1      | 0 ||| PLANNING D:1-11
    99 | D:1      | Reached skill level 2 in Axes
   101 | D:1      | 101 ||| Stepping ~*~*~tactically~*~*~ (hiding).
   105 | D:1      | 105 ||| Stepping ~*~*~tactically~*~*~ (hiding).
   265 | D:1      | 265 ||| Stepping ~*~*~tactically~*~*~ (stealth).
   270 | D:1      | Reached XP level 2. HP: 14/19 MP: 2/2
   643 | D:1      | 643 ||| UPGRADING to +0 helmet.
   648 | D:1      | 648 ||| UPGRADING to amulet of guardian spirit.
   653 | D:1      | 653 ||| READING scroll labelled ROISEU WEAGUE.
   654 | D:1      | 654 ||| READING scroll labelled KIUZEPHO ARUPU.
   737 | D:2      | Found a faded altar of an unknown god.
   789 | D:2      | Reached skill level 3 in Axes
   806 | D:2      | Reached XP level 3. HP: 13/23 MP: 3/3
   856 | D:2      | 856 ||| Stepping ~*~*~tactically~*~*~ (stealth).
   857 | D:2      | 857 ||| Stepping ~*~*~tactically~*~*~ (stealth).
   858 | D:2      | 858 ||| Stepping ~*~*~tactically~*~*~ (stealth).
   862 | D:2      | 862 ||| Stepping ~*~*~tactically~*~*~ (stealth).
   885 | D:2      | 885 ||| FLEEEEING.
   886 | D:2      | 886 ||| FLEEEEING.
   887 | D:2      | 887 ||| FLEEEEING.
   889 | D:2      | 889 ||| FLEEEEING.
  1405 | D:2      | 1405 ||| UPGRADING to +0 chain mail.
  1415 | D:2      | 1415 ||| DROPPING +0 scale mail.
  1416 | D:2      | 1416 ||| UPGRADING to amulet of faith.
  1426 | D:2      | 1426 ||| DROPPING amulet of guardian spirit.
  1427 | D:2      | 1427 ||| READING scroll labelled TIGUZXUIHU.
  1428 | D:2      | 1428 ||| READING scroll labelled DEVVUU FUPSEPN.
  1429 | D:2      | 1429 ||| READING scroll labelled MAODEGA XEWAI.
  1644 | D:3      | Reached skill level 4 in Axes
  1644 | D:3      | Reached XP level 4. HP: 26/28 MP: 4/4
  2099 | D:3      | 2099 ||| READING scroll labelled SOHARR BONADYE.
  2155 | D:4      | 2155 ||| READING scroll of enchant armour.
  2155 | D:4      | 2155 ||| ENCHANTING +0 helmet.
  2169 | D:4      | Noticed a scorpion
  2176 | D:4      | Killed a scorpion
  2177 | D:4      | Reached skill level 5 in Axes
  2177 | D:4      | Reached XP level 5. HP: 24/32 MP: 5/5
  2247 | D:4      | 2247 ||| Stepping ~*~*~tactically~*~*~ (stealth).
  2251 | D:4      | 2251 ||| Stepping ~*~*~tactically~*~*~ (stealth).
  2252 | D:4      | 2252 ||| Stepping ~*~*~tactically~*~*~ (stealth).
  2271 | D:4      | Reached XP level 6. HP: 11/38 MP: 6/6
  2271 | D:4      | HP: 8/38 [gnoll/+0 halberd[a gnoll bouda] (4)]
  2272 | D:4      | HP: 1/38 [gnoll/+0 spear[a gnoll bouda] (3)]
  2562 | D:4      | 2562 ||| Stepping ~*~*~tactically~*~*~ (hiding).
  2573 | D:4      | HP: 6/38 [orc priest/divine providence (9)]
  2575 | D:4      | Reached skill level 6 in Axes
  2705 | D:4      | 2705 ||| DROPPING +0 whip.
  2804 | D:4      | 2804 ||| Stepping ~*~*~tactically~*~*~ (stealth).
  2817 | D:4      | 2817 ||| Stepping ~*~*~tactically~*~*~ (stealth).
  2818 | D:4      | 2818 ||| Stepping ~*~*~tactically~*~*~ (stealth).
  2819 | D:4      | 2819 ||| Stepping ~*~*~tactically~*~*~ (stealth).
  2831 | D:4      | Noticed a black bear
  2845 | D:4      | Killed a black bear
  2846 | D:4      | Reached skill level 1 in Dodging
  2846 | D:4      | Reached XP level 7. HP: 29/43 MP: 7/7
  2917 | D:4      | Found a staircase to the Ecumenical Temple.
  2918 | D:4      | 2918 ||| PLANNING TEMPLE
  2918 | D:4      | 2918 ||| READING 2 scrolls labelled XEUHUE AHYOMUI.
  2919 | D:4      | 2919 ||| READING scroll labelled HAUBESH HEBBO.
  2920 | D:4      | 2920 ||| DROPPING scroll of fog.
  2927 | Temple   | Entered the Ecumenical Temple
  2953 | Temple   | 2953 ||| PLANNING OKAWARU WORSHIP
  2998 | Temple   | Became a worshipper of Warmaster Okawaru
  2999 | Temple   | 2999 ||| PLANNING D:1-11
  3300 | D:4      | 3300 ||| READING scroll labelled EJIWYI OB REI.
  3345 | D:5      | Entered Level 5 of the Dungeon
  3447 | D:5      | 3447 ||| Stepping ~*~*~tactically~*~*~ (stealth).
  3467 | D:5      | 3467 ||| Stepping ~*~*~tactically~*~*~ (hiding).
  3477 | D:5      | HP: 5/43 [orc priest/divine providence (12)]
  3482 | D:5      | Killed from afar by an orc wizard

Levels and vault maps discovered:
D:1:      dpeg_arrival_tiny_b, layout_loops_ring, dk_noncrumbling_4,
          nicolae_titane
D:2:      layout_loops_ring, chequers_ecumenical_altar_simple_redux
D:3:      layout_basic, hangedman_decor_push, chequers_jeans
D:4:      layout_basic, minmay_temple_entry_butterflies, nrook_campfire,
          hangedman_abyss_or_decor_lesser_grid
D:5:      layout_basic, uniq_blork_the_orc
Temple:   eino_wide_crystal_templ

Skill      XL: |  1  2  3  4  5  6 |
---------------+-------------------+-----
Axes           | 2 3 4 5 6 |  6.3
Fighting       | 4 |  4.0
Dodging        | 1 |  1.9
Armour         | |  3.2
Shields        | |  3.2

Action                     |  1- 3 |  4- 6 |  7- 9 || total
---------------------------+-------+-------+-------++-------
  Melee: War axe           |   128 |   107 |    26 ||   261
    Use: Scroll            |     5 |     2 |     3 ||    10
 Armour: Scale mail        |    50 |       |       ||    50
         Chain mail        |    19 |    88 |    20 ||   127
  Dodge: Dodged            |    51 |    53 |    15 ||   119
  Block: Buckler           |    23 |    28 |     4 ||    55

Table legend:
 A = Non-vault XP
 B = Vault XP
 C = Vault XP percentage of total XP
 D = Non-vault monster count
 E = Vault monster count
 F = Vault count percentage of total count
                 A         B        C        D         E       F
            +---------+---------+-------+---------+---------+-------
      Total |     778 |       0 |   0.0 |      81 |       0 |   0.0
            +---------+---------+-------+---------+---------+-------
        D:1 |      25 |       0 |   0.0 |      14 |       0 |   0.0
        D:2 |      38 |       0 |   0.0 |      14 |       0 |   0.0
        D:3 |      91 |       0 |   0.0 |      25 |       0 |   0.0
        D:4 |     575 |       0 |   0.0 |      24 |       0 |   0.0
        D:5 |      49 |       0 |   0.0 |       4 |       0 |   0.0
            +---------+---------+-------+---------+---------+-------
